 Dungeon Crawl Stone Soup version 0.22.1-1-ga44c0e5 (webtiles) character file.

55 Monsterracer the Magician (level 3, 0/16 HPs)
             Began as a Spriggan Wizard on Oct 22, 2018.
             Was an Initiate of Gozag.
             Slain by a gnoll
             ... wielding a +0 halberd
              (16 damage)
             ... on level 2 of the Dungeon.
             The game lasted 00:06:17 (2667 turns).

Monsterracer the Magician (Spriggan Wizard)         Turns: 2667, Time: 00:06:18

Health: 0/16       AC:  2    Str:  3    XL:     3   Next: 67%
Magic:  4/9        EV: 18    Int: 20    God:    Gozag
Gold:   46         SH:  0    Dex: 14    Spells: 1/10 levels left

rFire    . . .     SeeInvis +   f - +0 dagger
rCold    . . .     Gourm    .   (shield restricted)
rNeg     . . .     Faith    .   a - +0 robe
rPois    .         Spirit   .   b - +0 hat
rElec    .         Reflect  .   (no cloak)
rCorr    .         Harm     .   (gloves unavailable)
MR       .....                  (boots unavailable)
Stlth    ++........             (no amulet)
HPRegen  0.05/turn              (no ring)
MPRegen  0.11/turn              (no ring)

@: very slightly contaminated, very quick
A: very small, unfitting armour, see invisible, herbivore, speed 3, slow
metabolism 2
a: Potion Petition, Call Merchant, Bribe Branch, Renounce Religion


You were on level 2 of the Dungeon.
You worshipped Gozag.
Gozag was noncommittal.
You were not hungry.

You visited 1 branch of the dungeon, and saw 2 of its levels.

You collected 59 gold pieces.
You paid 13 gold pieces to Gozag.

Inventory:

Hand Weapons
 f - a +0 dagger (weapon)
Armour
 a - a +0 robe (worn)
 b - a +0 hat (worn)
Scrolls
 e - a scroll of amnesia {unknown}
 h - 2 scrolls of remove curse {unknown}
 i - 3 scrolls of identify {unknown}
 j - a scroll of teleportation {unknown}
Potions
 d - a potion of degeneration {unknown}
 g - 2 potions of curing {unknown}
 k - a potion of brilliance {unknown}
 l - a potion of might {unknown}
 m - a potion of mutation {unknown}
Comestibles
 c - 2 rations


   Skills:
 - Level 3.0 Dodging
 - Level 3.0 Stealth
 - Level 4.0 Spellcasting
 + Level 2.7 Conjurations
   Level 0.7 Summonings
 - Level 1.5 Translocations


You had one spell level left.
You knew the following spells:

 Your Spells              Type           Power        Failure   Level  Hunger
a - Magic Dart            Conj           ##..         4%          1    None
b - Conjure Flame         Conj/Fire      #.......     22%         3    ###....
c - Mephitic Cloud        Conj/Pois/Air  #.......     26%         3    ###....
e - Blink                 Tloc           N/A          11%         2    #......

Your spell library contained the following spells:

 Spells                   Type           Power        Failure   Level  Hunger
 Call Imp                 Summ           #.......     14%         2    #......
 Slow                     Hex            #.......     19%         2    #......


Dungeon Overview and Level Annotations

Branches:
Dungeon (2/15)

Altars:
Dithmenos
Gozag
Kikubaaqudgha


Innate Abilities, Weirdness & Mutations

You are very small and have problems with some larger weapons.
You are too small for most types of armour.
You have supernaturally acute eyesight. (SInv)
You are a herbivore.
You cover ground extremely quickly.
You need to consume almost no food.


Message History

The magic dart hits the adder.
The adder is moderately wounded.
You now have 7/9 mp.
Casting: Magic Dart (safe; 4% risk of failure)
Confirm with . or Enter, or press ? or * to list all spells.
Aiming: Magic Dart (safe; 4% risk of failure)
Press: ? - help, Shift-Dir - straight line, f/p - adder
Aim: an adder (moderately wounded)
The magic dart hits the adder.
The adder is heavily wounded.
You now have 6/9 mp.
Casting: Magic Dart (safe; 4% risk of failure)
Confirm with . or Enter, or press ? or * to list all spells.
Aiming: Magic Dart (safe; 4% risk of failure)
Press: ? - help, Shift-Dir - straight line, f/p - adder
Aim: an adder (heavily wounded)
The magic dart hits the adder.
The adder is almost dead.
You now have 5/9 mp.
Casting: Magic Dart (safe; 4% risk of failure)
Confirm with . or Enter, or press ? or * to list all spells.
Aiming: Magic Dart (safe; 4% risk of failure)
Press: ? - help, Shift-Dir - straight line, f/p - adder
Aim: an adder (almost dead)
The magic dart hits the adder.
You kill the adder!
You now have 4/9 mp.
Casting: Magic Dart (safe; 4% risk of failure)
Confirm with . or Enter, or press ? or * to list all spells.
You can't see any susceptible monsters within range! (Use Z to cast anyway.) Unknown command.
There is an open door here.
There is an opulent altar of Gozag here.
You kneel at the altar of Gozag.
Gozag welcomes you!
You pay a service fee of 13 gold.
Gozag offers you a free set of potion effects!
Unknown command.
Press < or > to pray at altars.
Unknown command.
Press < or > to pray at altars.
Unknown command.
Press < or > to pray at altars.
There is an open door here.
m - a sedimented emerald potion MP restored: 9
Found a stone staircase leading down.
You see here a dagger.
You see here 27 sling bullets.
There is an open door here.
There is an open door here.
There is an open door here.
The gnoll is too close now for your liking.
There are monsters nearby!
There are monsters nearby!
Casting: Magic Dart (safe; 4% risk of failure)
Confirm with . or Enter, or press ? or * to list all spells.
Aiming: Magic Dart (safe; 4% risk of failure)
Press: ? - help, Shift-Dir - straight line, f - gnoll
Aim: a gnoll, wielding a halberd (hasn't noticed you)
You miscast Magic Dart.
You are very lightly contaminated with residual magic.
Nothing appears to happen.
The gnoll shouts! x2
You now have 8/9 mp.
Casting: Magic Dart (safe; 4% risk of failure)
Confirm with . or Enter, or press ? or * to list all spells.
Aiming: Magic Dart (safe; 4% risk of failure)
Press: ? - help, Shift-Dir - straight line, f/p - gnoll
Aim: a gnoll, wielding a halberd The magic dart hits the gnoll.
The gnoll is lightly wounded.
You now have 7/9 mp.
Casting: Magic Dart (safe; 4% risk of failure)
Confirm with . or Enter, or press ? or * to list all spells.
Aiming: Magic Dart (safe; 4% risk of failure)
Press: ? - help, Shift-Dir - straight line, f/p - gnoll
Aim: a gnoll, wielding a halberd (lightly wounded)
The magic dart hits the gnoll.
The gnoll is heavily wounded.
You now have 6/9 mp.
Casting: Magic Dart (safe; 4% risk of failure)
Confirm with . or Enter, or press ? or * to list all spells.
Aiming: Magic Dart (safe; 4% risk of failure)
Press: ? - help, Shift-Dir - straight line, f/p - gnoll
Aim: a gnoll, wielding a halberd (heavily wounded)
The magic dart hits the gnoll.
The gnoll is severely wounded.
You now have 5/9 mp.
Casting: Magic Dart (safe; 4% risk of failure)
Confirm with . or Enter, or press ? or * to list all spells.
Aiming: Magic Dart (safe; 4% risk of failure)
Press: ? - help, Shift-Dir - straight line, f/p - gnoll
Aim: a gnoll, wielding a halberd (severely wounded)
The magic dart hits the gnoll.
The gnoll is almost dead.
The gnoll hits you from afar with a halberd!
Ouch! That really hurt!
You die...
Your body crumbles into a pile of gold.

###########.....).......#.#
#.........#######.......#.#
#....#..#.#######.......#.#
#....#..#.........####.##.#
#....#..........gg####.##.#
#.#####.#######gg......##.#
#.# #.# #.#.......#.#
#.#####'#######g#<####.....
#.##......@.gg..#.#<.'.....
#..'.........##.#.####.....
####.........##.#..........
########'##########.....
#.......# #..... #######.#
#..... #.# #..[..
##########.## #####.
#...........# ####.


You could see 3 gnolls.

Vanquished Creatures
  2 adders (D:2)
  3 dart slugs (D:1)
  2 leopard geckos (D:2)
  4 bats
  2 giant cockroaches
  2 hobgoblins (D:1)
  2 jackals (D:1)
  A ball python (D:1)
  2 frilled lizards
  3 goblins (D:1)
  4 kobolds
  4 rats
31 creatures vanquished.

Notes
Turn   | Place    | Note
-------+----------+-------------------------------------------
     0 | D:1      | Monsterracer the Spriggan Wizard began the quest for the
                  | Orb.
     0 | D:1      | Reached XP level 1. HP: 9/9 MP: 6/6
   199 | D:1      | Reached skill level 1 in Conjurations
   270 | D:1      | HP: 3/9 [dart slug/slug dart (3)]
   352 | D:1      | HP: 1/9 [dart slug/slug dart (4)]
   641 | D:1      | Reached XP level 2. HP: 13/13 MP: 4/8
   651 | D:1      | Learned a level 2 spell: Blink
  1905 | D:2      | Reached XP level 3. HP: 16/16 MP: 7/9
  1910 | D:2      | Learned a level 3 spell: Conjure Flame
  1914 | D:2      | Learned a level 3 spell: Mephitic Cloud
  2442 | D:2      | Found an opulent altar of Gozag.
  2442 | D:2      | Found a shadowy altar of Dithmenos.
  2442 | D:2      | Found an ancient bone altar of Kikubaaqudgha.
  2482 | D:2      | Became a worshipper of Gozag Ym Sagoz the Greedy
  2667 | D:2      | Slain by a gnoll

Skill      XL: |  1  2 |
---------------+-------+-----
Conjurations   | 1 2 |  2.7
Dodging        | |  3.0
Stealth        | |  3.0
Spellcasting   | |  4.0
Summonings     | |  0.7
Translocations | |  1.5

Action                   || total
-------------------------++-------
Melee: Dagger            ||    10
 Cast: Magic Dart        ||   126
Armor: Robe              ||     4
Dodge: Dodged            ||    14

Vault maps used:
D:1:      lightli_arrival_isolated_outpost
D:2:      gammafunk_temple_overflow_claw
